 Dungeon Crawl Stone Soup version 0.28.0-1-gb440e238dd (webtiles) character file.

Game seed: 12481399171568817728

51 issech the Cudgeller (level 3, -1/36 HPs)
             Began as a Troll Monk on Feb 21, 2022.
             Slain by a goblin (5 damage)
             ... led by Robin
             ... on level 2 of the Dungeon.
             The game lasted 00:03:08 (1114 turns).

issech the Cudgeller (Troll Monk)                   Turns: 1114, Time: 00:03:09

Health: -1/36      AC:  4    Str: 19    XL:     3   Next: 57%
Magic:  11/11      EV: 10    Int:  6    God:
Gold:   37         SH:  0    Dex: 14    Spells: 2/2 levels left

rFire   . . .      SeeInvis .   a - +0 mace
rCold   . . .      Faith    .   (no shield)
rNeg    . . .      Spirit   .   b - +0 robe
rPois   .          Reflect  .   (helmet restricted)
rElec   .          Harm     .   (no cloak)
rCorr   .          Rampage  .   (gloves unavailable)
Will    .....                   (boots unavailable)
Stlth   ++........              (no amulet)
HPRegen 0.92/turn               e - ring of magical power
MPRegen 0.12/turn               (no ring)

@: no status effects
A: large, unfitting armour, claws 3, regeneration 1, shaggy fur 1, tough skin 1
a: no special abilities


You were on level 2 of the Dungeon.
You visited 1 branch of the dungeon, and saw 2 of its levels.

You collected 37 gold pieces.

Inventory:

Hand Weapons
 a - a +0 mace (weapon)
Missiles
 c - 21 bolts
 d - 35 stones (quivered)
 g - 5 poisoned darts
Armour
 b - a +0 robe (worn)
Magical Staves
 h - a staff of conjuration
Jewellery
 e - a ring of magical power (left claw)
Scrolls
 i - a scroll of vulnerability {unknown}
Potions
 f - a potion of curing {unknown}


   Skills:
 + Level 2.7 Fighting
 + Level 3.3 Maces & Flails
 + Level 3.1 Dodging
 + Level 1.0 Stealth


You had 2 spell levels left.
You didn't know any spells.
Your spell library contained the following spells:

 Spells                   Type           Power      Damage    Failure   Level
 Summon Small Mammal      Summ           0%         N/A       45%         1
 Call Canine Familiar     Summ           0%         N/A       83%         3
 Summon Guardian Golem    Hex/Summ       0%         N/A       83%         3


Dungeon Overview and Level Annotations

Branches:
Dungeon (2/15)

Altars:

Annotations:
D:2 Robin


Innate Abilities, Weirdness & Mutations

You are too large for most types of armour.
You have claws for hands.
Your natural rate of healing is unusually fast.
You are covered in fur. (AC +1)
You have tough skin. (AC +1)


Message History

The goblin is severely wounded.
The goblin barely misses you.
Robin hits you from afar with a +0 spear.
You barely miss the goblin.
The goblin is severely wounded.
The goblin hits you with a +0 club. Robin closely misses you.
A hobgoblin comes into view.
You hit the goblin.
You kill the goblin!
Robin throws the goblin at you!
A goblin comes into view. It is wielding a +0 club.
The goblin hits you with a +0 dagger.
Items here: ))) †.
You closely miss Robin. Robin hits you with a +0 spear.
The goblin closely misses you.
You hit Robin.
Robin is lightly wounded.
The goblin hits you with a +0 dagger.
Robin roars a battlecry!
The goblins go into a battle-frenzy!
You hear a shout!
You hit the goblin but do no damage. Your claw misses the goblin.
The goblin hits you with a +0 dagger.
* * * LOW HITPOINT WARNING * * *
Robin hits you with a +0 spear.
* * * LOW HITPOINT WARNING * * *
You hit the goblin.
You kill the goblin!
Robin throws the goblin at you!
* * * LOW HITPOINT WARNING * * *
The goblin hits you with a +0 dagger.
* * * LOW HITPOINT WARNING * * *
You closely miss the goblin. Robin hits you with a +0 spear.
* * * LOW HITPOINT WARNING * * *
The goblin barely misses you. Robin hits you with a +0 spear.
* * * LOW HITPOINT WARNING * * *
You closely miss the goblin.
The hobgoblin no longer looks unusually strong.
The goblin hits you with a +0 dagger.
You die...

###
#g#
#@#
#g#
#g#
#g#
#g#
#.#
...
...##
....#


You could see Robin, 2 hobgoblins and 2 goblins.

Vanquished Creatures
  A dart slug (D:1)
  5 endoplasms (D:1)
  3 giant cockroaches (D:1)
  9 goblins
  6 hobgoblins (D:1)
  A kobold (D:1)
  4 quokkas (D:1)
  2 ball pythons (D:1)
  6 bats (D:1)
  3 frilled lizards (D:1)
  A rat (D:1)
41 creatures vanquished.

Notes
Turn   | Place    | Note
-------+----------+-------------------------------------------
     0 | D:1      | issech the Troll Monk began the quest for the Orb.
     0 | D:1      | Reached XP level 1. HP: 22/22 MP: 0/0
   196 | D:1      | Reached XP level 2. HP: 24/29 MP: 1/1
   595 | D:1      | Reached XP level 3. HP: 36/36 MP: 2/2
  1094 | D:2      | Noticed Robin
  1114 | D:2      | Slain by a goblin

Illustrated notes

Levels and vault maps discovered:
D:1:      saegor_arrival_under_anarchy, layout_basic, minmay_misc_feat_ornament,
          minmay_close_crescents
D:2:      layout_basic, nicolae_underground_beach, uniq_robin

Skill      XL: |  1  2  3 |
---------------+----------+-----
Maces & Flails | 3 |  3.3
Dodging        | 3 |  3.1
Fighting       | |  2.7
Stealth        | |  1.0

Action                   || total
-------------------------++-------
Melee: Mace              ||   126
       Punch             ||     1
Armor: Robe              ||   117
Dodge: Dodged            ||   162
